 Seeded DCSS version 0.30.0-30-g96aa6591b8 (webtiles) character file.

Game seed: 5262528099854255737 (custom seed)

46 CInkIbrahim the Slasher (level 3, 0/18 HPs)
             Began as a Vine Stalker Gladiator on June 28, 2023.
             Succumbed to an adder's poison
             ... on level 2 of the Dungeon.
             The game lasted 00:01:04 (910 turns).

CInkIbrahim the Slasher (Vine Stalker Gladiator)     Turns: 910, Time: 00:01:04

Health: 0/18       AC:  7    Str: 16    XL:     3   Next: 66%
Magic:  2/4        EV: 11    Int:  8    God:
Gold:   192        SH:  0    Dex: 17    Spells: 2/2 levels left

rFire   + . .        i - +0 short sword (vamp)
rCold   . . .        (no shield)
rNeg    . . .        j - +1 ring mail {rF+}
rPois   .            c - +0 helmet
rElec   .            (no cloak)
rCorr   .            (no gloves)
SInv    .            (no boots)
Will    .....        (no amulet)
Stlth   +            (no ring)
HPRegen 0.23/turn    (no ring)
MPRegen 0.09/turn

%: guardian spirit
@: lethally poisoned (0 -> -1)
A: fangs 2, magic shield, antimagic bite, no potion heal 2
a: no special abilities


You were on level 2 of the Dungeon.
You visited 1 branch of the dungeon, and saw 2 of its levels.

You collected 192 gold pieces.

Inventory:

Hand Weapons
 a - a +0 long sword
 i - a +0 vampiric short sword (weapon)
Missiles
 d - 3 throwing nets (quivered)
 e - a javelin
Armour
 b - a +0 leather armour
 c - a +0 helmet (worn)
 j - a +1 ring mail of fire resistance (worn)
Jewellery
 h - a ring of poison resistance
Potions
 f - a potion of haste {unknown}
 g - a potion of might {unknown}
 k - a potion of curing {unknown}


   Skills:
 - Level 1.7 Fighting
 + Level 4.1 Long Blades
 - Level 1.7 Throwing
 - Level 2.4 Dodging


You had 2 spell levels left.
You didn't know any spells.
Your spell library contained the following spells:

 Spells                   Type           Power      Damage    Failure   Level
 Apportation              Tloc           0%         N/A       63%         1
 Necrotise                Necr           0%         1d4       63%         1
 Summon Small Mammal      Summ           0%         N/A       63%         1


Dungeon Overview and Level Annotations

Branches:
Dungeon (2/15)

Altars:

Shops:
D:1 :   D:2 [


Innate Abilities, Weirdness & Mutations

You have extremely sharp teeth.
When hurt, damage is shared between your health and your magic reserves.
Your bite disrupts and absorbs the magic of your enemies.
Potions cannot restore your health.


Message History

You are too injured to fight recklessly!
There are monsters nearby!
You are too injured to fight recklessly!
There are monsters nearby!
You are too injured to fight recklessly!
There are monsters nearby!
You are too injured to fight recklessly!
There are monsters nearby!
You are too injured to fight recklessly!
There are monsters nearby!
You are too injured to fight recklessly!
There are monsters nearby!
You are too injured to fight recklessly!
There are monsters nearby!
You are too injured to fight recklessly!
There are monsters nearby!
You are too injured to fight recklessly!
There are monsters nearby!
You are too injured to fight recklessly!
There are monsters nearby!
You are too injured to fight recklessly!
Unknown command.
There are monsters nearby!
You are too injured to fight recklessly!
You completely miss the phantom.
The phantom is moderately damaged.
You feel sick. The phantom barely misses you.
You hit the phantom. Your bite misses the phantom.
The phantom is moderately damaged.
You feel sick.
The phantom hits you but does no damage.
You hit the phantom but do no damage.
The phantom is moderately damaged.
You feel sick. The phantom hits you.
* * * LOW HITPOINT WARNING * * *
The frilled lizard completely misses you.
You closely miss the phantom. You bite the phantom. You drain its power.
You feel invigorated.
The phantom is moderately damaged.
You die...

#.. ##'#######
#.. ≈≈.≈≈≈≈≈≈#
# #..
........≈# #.
#.# ........≈#
##.###.#
≈≈≈#..≈#
#......# ≈.
#≈≈..≈#
#....... #≈..≈
#≈..W# #.......
'...≈ #≈.@.+
##.....# #≈..≈#
#≈lS≈# ##....#
#≈..≈≈###≈≈..≈#
##.#.#
#≈..#≈≈≈≈≈#..≈#
#.#..
#≈...........≈#
#.##.
#≈...........≈#
# #.
#≈≈≈≈≈≈)≈≈≈≈≈≈#
#+
#######'#######
##. #.##..#
##..


You could see a phantom, an adder and a frilled lizard.

Vanquished Creatures
  An adder (D:2)
  2 dart slugs
  2 bats (D:1)
  4 endoplasms (D:1)
  A giant cockroach (D:1)
  9 goblins
  2 jackals (D:1)
  A quokka (D:1)
  2 ball pythons
  A frilled lizard (D:1)
  2 kobolds
  3 rats
30 creatures vanquished.

Notes
Turn   | Place    | Note
-------+----------+-------------------------------------------
     0 | D:1      | CInkIbrahim the Vine Stalker Gladiator began the quest for
                  | the Orb.
     0 | D:1      | Reached XP level 1. HP: 11/11 MP: 2/2
    98 | D:1      | Reached skill level 3 in Long Blades
   105 | D:1      | Reached XP level 2. HP: 13/15 MP: 3/3
   293 | D:1      | Found Zojak's Book Boutique.
   384 | D:1      | Reached XP level 3. HP: 18/18 MP: 4/4
   667 | D:2      | Found Dobing's Antique Armour Boutique.
   675 | D:2      | Reached skill level 4 in Long Blades
   898 | D:2      | Noticed a phantom
   910 | D:2      | Succumbed to an adder's poison

Illustrated notes

Levels and vault maps discovered:
D:1:      scummos_arrival_simple_crosswalls, layout_basic, serial_shops, shop,
          skrybe_limestone_x
D:2:      layout_loops_ring, serial_shops, nicolae_shop_waterfront,
          grunt_ministairs_15, kennysheep_path_1, guppyfry_early_lair_pool

Skill      XL: |  1  2  3 |
---------------+----------+-----
Long Blades    | 3 4 |  4.1
Fighting       | |  1.7
Throwing       | |  1.7
Dodging        | |  2.4

Action                     || total
---------------------------++-------
  Melee: Long sword        ||    47
         Bite              ||    19
         Punch             ||     2
         Short sword       ||    30
   Stab: Sleeping          ||     1
 Armour: Leather armour    ||    12
         Ring mail         ||    10
  Dodge: Dodged            ||    49
